PBL
ST. LOUIS CARDINALS @ SAN DIEGO PADRES
08/22/2070
 
TOP OF THE 1ST
St. Louis Cardinals batting - Pitching for San Diego Padres : LHP Chae-seong Yi
Pitching: LHP Chae-seong Yi
Batting: RHB Mike Eldridge 0-0: Fly out, F8 (Flyball, 8LD, EV 106.9 MPH)
Batting: RHB Zg Odhiambo 0-0: Fly out, F4 (Popup, 4M, EV 68.8 MPH)
Batting: RHB Leland Vogler 0-0: Foul Ball, location: 9LMF
0-1: Ball
1-1: Swinging Strike
1-2: Foul Ball, location: 5F
1-2: Strikes out swinging
Top of the 1st over - 0 runs, 0 hits, 0 errors, 0 left on base; St. Louis 0 - San Diego 0
BOTTOM OF THE 1ST
San Diego Padres batting - Pitching for St. Louis Cardinals : RHP Ramón Encarnación
Pitching: RHP Ramón Encarnación
Batting: SHB Yusuke Tanaka 0-0: Called Strike
0-1: Called Strike
0-2: Ball
1-2: SINGLE (Line Drive, 89S, EV 108.1 MPH)
Batting: LHB Wook-jin Ki 0-0: Swinging Strike
0-1: Called Strike
0-2: Ball
1-2: Fielders Choice at 2nd, 3-6 (Groundball, 23, EV 86.9 MPH)
Batting: RHB Jorge Gonzáles 0-0: Called Strike
Wook-jin Ki steals 2nd base
0-1: Ball
1-1: Swinging Strike
1-2: Fly out, F9 (Flyball, 9D, EV 69.4 MPH)
Runner from 2nd tags up, SAFE at 3rd, no throw by RF
Batting: LHB Raúl Valenzuela 0-0: Fly out, F9 (Flyball, 89D, EV 92.5 MPH)
Bottom of the 1st over - 0 runs, 1 hit, 0 errors, 1 left on base; St. Louis 0 - San Diego 0
TOP OF THE 2ND
St. Louis Cardinals batting - Pitching for San Diego Padres : LHP Chae-seong Yi
Batting: SHB Emiliano Girometta 0-0: Fly out, F9 (Flyball, 9S, EV 81.9 MPH)
Batting: RHB Ric Hodges 0-0: Ball
1-0: Called Strike
1-1: Swinging Strike
1-2: Ball
2-2: Strikes out looking
Batting: LHB Steve Rivera 0-0: Ground out 4-3 (Groundball, 4M, EV 106.9 MPH)
Top of the 2nd over - 0 runs, 0 hits, 0 errors, 0 left on base; St. Louis 0 - San Diego 0
BOTTOM OF THE 2ND
San Diego Padres batting - Pitching for St. Louis Cardinals : RHP Ramón Encarnación
Batting: LHB Pedro Escobar 0-0: Ball
1-0: Ground out 5-3 (Groundball, 5L, EV 84.4 MPH)
Batting: RHB Salvador Reyes 0-0: Called Strike
0-1: Swinging Strike
0-2: Ball
1-2: Ball
2-2: Ball
3-2: Ground out 4-3 (Groundball, 4, EV 100.0 MPH)
Batting: RHB Francisco Vega 0-0: Ball
1-0: Ball
2-0: Ball
3-0: Called Strike
3-1: Foul Ball, location: 2F
3-2: SINGLE (Groundball, 34D, EV 107.5 MPH)
Batting: RHB Luis Acevedo 0-0: Ball
Francisco Vega steals 2nd base
1-0: Ball
2-0: Called Strike
2-1: Ball
3-1: Base on Balls
Batting: RHB Dave Ein 0-0: Called Strike
0-1: Ball
1-1: Called Strike
1-2: Foul Ball, location: 2F
1-2: Fly out, F3 (Popup, 3L, EV 71.9 MPH)
Bottom of the 2nd over - 0 runs, 1 hit, 0 errors, 2 left on base; St. Louis 0 - San Diego 0
TOP OF THE 3RD
St. Louis Cardinals batting - Pitching for San Diego Padres : LHP Chae-seong Yi
Batting: RHB José Betancourt 0-0: Fly out, F7 (Flyball, 78S, EV 73.8 MPH)
Batting: RHB David Stevens 0-0: Ball
1-0: DOUBLE (Flyball, 89XD, EV 112.5 MPH)
Batting: RHB Armando Gómez 0-0: Called Strike
0-1: Called Strike
0-2: Foul Ball, location: 3FF
0-2: Strikes out swinging
Batting: RHB Mike Eldridge 0-0: Swinging Strike
0-1: Swinging Strike
0-2: Ball
1-2: Foul Ball, location: 2F
1-2: Foul Ball, location: 3FF
1-2: Foul Ball, location: 2F
1-2: Ball
2-2: Strikes out looking
Top of the 3rd over - 0 runs, 1 hit, 0 errors, 1 left on base; St. Louis 0 - San Diego 0
BOTTOM OF THE 3RD
San Diego Padres batting - Pitching for St. Louis Cardinals : RHP Ramón Encarnación
Batting: SHB Yusuke Tanaka 0-0: Fly out, F8 (Flyball, 8LS, EV 84.4 MPH)
Batting: LHB Wook-jin Ki 0-0: Ball
1-0: Swinging Strike
1-1: Foul Ball, location: 7LSF
1-2: SINGLE (Groundball, 4, EV 100.6 MPH)
Batting: RHB Jorge Gonzáles 0-0: Ball
Wook-jin Ki steals 2nd base
1-0: Foul Ball, location: 2F
1-1: Ground out 6-3 (Groundball, 56, EV 81.9 MPH)
Wook-jin Ki to third
Batting: LHB Raúl Valenzuela 0-0: Swinging Strike
0-1: Swinging Strike
0-2: Ball
1-2: Ground out 4-3 (Groundball, 4, EV 83.1 MPH)
Bottom of the 3rd over - 0 runs, 1 hit, 0 errors, 1 left on base; St. Louis 0 - San Diego 0
TOP OF THE 4TH
St. Louis Cardinals batting - Pitching for San Diego Padres : LHP Chae-seong Yi
Batting: RHB Zg Odhiambo 0-0: Called Strike
0-1: Foul Ball, location: 2F
0-2: Fly out, F8 (Flyball, 89S, EV 79.4 MPH)
Batting: RHB Leland Vogler 0-0: Foul Ball, location: 23F
0-1: SINGLE (Flyball, 89S, EV 80.0 MPH)
Batting: SHB Emiliano Girometta 0-0: Foul Ball, location: 7LSF
0-1: Fly out, F7 (Line Drive, 78M, EV 91.9 MPH)
Batting: RHB Ric Hodges 0-0: Called Strike
0-1: Foul Ball, location: 9LSF
0-2: Foul Ball, location: 2F
0-2: Ball
1-2: Ball
2-2: 2-RUN HOME RUN (Flyball, 89XD, EV 104.4 MPH), Distance : 406 ft
Batting: LHB Steve Rivera 0-0: Foul Ball, location: 3SF
0-1: Foul Ball, location: 5F
0-2: Ball
1-2: Ball
2-2: Strikes out swinging
Top of the 4th over - 2 runs, 2 hits, 0 errors, 0 left on base; St. Louis 2 - San Diego 0
BOTTOM OF THE 4TH
San Diego Padres batting - Pitching for St. Louis Cardinals : RHP Ramón Encarnación
Batting: LHB Pedro Escobar 0-0: Swinging Strike
0-1: Fly out, F8 (Flyball, 8RD, EV 101.3 MPH)
Batting: RHB Salvador Reyes 0-0: Ball
1-0: Foul Ball, location: 2F
1-1: Fly out, F9 (Flyball, 89D, EV 106.9 MPH)
Batting: RHB Francisco Vega 0-0: Ball
1-0: Ground out 5-3 (Groundball, 5L, EV 108.1 MPH)
Bottom of the 4th over - 0 runs, 0 hits, 0 errors, 0 left on base; St. Louis 2 - San Diego 0
TOP OF THE 5TH
St. Louis Cardinals batting - Pitching for San Diego Padres : LHP Chae-seong Yi
Batting: RHB José Betancourt 0-0: Ball
1-0: Swinging Strike
1-1: Ball
2-1: Ball
3-1: Base on Balls
Batting: RHB David Stevens 0-0: Called Strike
0-1: Ball
1-1: Foul Ball, location: 9LSF
1-2: Foul Ball, location: 25F
1-2: Ball
2-2: Foul Ball, location: 7LMF
2-2: Strikes out swinging
Batting: RHB Armando Gómez 0-0: Ball
1-0: SINGLE (Groundball, 13S, EV 73.1 MPH) (infield hit)
José Betancourt to second
Batting: RHB Mike Eldridge 0-0: Called Strike
0-1: Ball
1-1: Ball
2-1: Grounds into double play, 6-4-3 (Groundball, 6, EV 88.8 MPH)
Top of the 5th over - 0 runs, 1 hit, 0 errors, 1 left on base; St. Louis 2 - San Diego 0
BOTTOM OF THE 5TH
San Diego Padres batting - Pitching for St. Louis Cardinals : RHP Ramón Encarnación
Batting: RHB Luis Acevedo 0-0: Ground out 5-3 (Groundball, 5, EV 80.6 MPH)
Batting: RHB Dave Ein 0-0: Called Strike
0-1: Swinging Strike
0-2: Ball
1-2: Strikes out swinging
Batting: SHB Yusuke Tanaka 0-0: Called Strike
0-1: Ball
1-1: Ball
2-1: Ball
3-1: Ground out 4-3 (Groundball, 4, EV 86.3 MPH)
Bottom of the 5th over - 0 runs, 0 hits, 0 errors, 0 left on base; St. Louis 2 - San Diego 0
TOP OF THE 6TH
St. Louis Cardinals batting - Pitching for San Diego Padres : LHP Chae-seong Yi
Batting: RHB Zg Odhiambo 0-0: Called Strike
0-1: Swinging Strike
0-2: Ball
1-2: Ground out 6-3 (Groundball, 6, EV 83.1 MPH)
Batting: RHB Leland Vogler 0-0: DOUBLE (Flyball, 8RXD, EV 103.8 MPH)
Batting: SHB Emiliano Girometta 0-0: Intentional Walk
Batting: RHB Ric Hodges 0-0: Ball
1-0: Called Strike
1-1: Ball
2-1: Foul Ball, location: 2F
2-2: Fielders Choice at 2nd, 2-6 (Groundball, 2R, EV 65.6 MPH)
Leland Vogler to third
Batting: LHB Steve Rivera 0-0: Foul Ball, location: 5F
0-1: Foul Ball, location: 2F
0-2: Strikes out swinging
Top of the 6th over - 0 runs, 1 hit, 0 errors, 2 left on base; St. Louis 2 - San Diego 0
BOTTOM OF THE 6TH
San Diego Padres batting - Pitching for St. Louis Cardinals : RHP Ramón Encarnación
Batting: LHB Wook-jin Ki 0-0: Ball
1-0: Called Strike
1-1: Swinging Strike
1-2: Foul Ball, location: 2F
1-2: Hit by Pitch
Batting: RHB Jorge Gonzáles 0-0: Ball
1-0: Fly out, F2 (Popup, 23F, EV 81.9 MPH)
Batting: LHB Raúl Valenzuela 0-0: Called Strike
0-1: Foul Ball, location: 2F
0-2: Ball
1-2: Foul Ball, location: 7LMF
1-2: SINGLE (Line Drive, 34D, EV 96.9 MPH)
Wook-jin Ki to second
Batting: LHB Pedro Escobar 0-0: Called Strike
0-1: Ball
1-1: Ball
2-1: Fielders Choice at 2nd, 4-6 (Groundball, 4, EV 83.8 MPH)
Wook-jin Ki to third
Pinch Hitting: SHB Raúl Márquez 0-0: Foul Ball, location: 2F
0-1: Called Strike
0-2: Foul Ball, location: 9LSF
0-2: Ball
1-2: Strikes out swinging
Bottom of the 6th over - 0 runs, 1 hit, 0 errors, 2 left on base; St. Louis 2 - San Diego 0
TOP OF THE 7TH
St. Louis Cardinals batting - Pitching for San Diego Padres : LHP Chae-seong Yi
Now at 2B: Jonathan Roehl
Batting: RHB José Betancourt 0-0: Ball
1-0: Called Strike
1-1: Fly out, F3 (Popup, 3L, EV 66.9 MPH)
Batting: RHB David Stevens 0-0: Ball
1-0: Called Strike
1-1: Ball
2-1: SINGLE (Line Drive, 4D, EV 96.9 MPH)
Batting: RHB Armando Gómez 0-0: DOUBLE (Line Drive, 78M, EV 91.9 MPH)
David Stevens to third
Batting: RHB Mike Eldridge 0-0: Called Strike
0-1: Ball
1-1: Foul Ball, location: 3F
1-2: Strikes out looking
Batting: RHB Zg Odhiambo 0-0: Ball
1-0: Called Strike
1-1: Ball
2-1: Foul Ball, location: 23F
2-2: Strikes out looking
Top of the 7th over - 0 runs, 2 hits, 0 errors, 2 left on base; St. Louis 2 - San Diego 0
BOTTOM OF THE 7TH
San Diego Padres batting - Pitching for St. Louis Cardinals : RHP Ramón Encarnación
Pinch Hitting: SHB Cristián Burgos 0-0: Swinging Strike
0-1: Called Strike
0-2: Strikes out looking
Batting: RHB Luis Acevedo 0-0: Ball
1-0: Ball
2-0: Called Strike
2-1: Ball
3-1: Called Strike
3-2: Fly out, F8 (Flyball, 8LM, EV 91.3 MPH)
Batting: RHB Dave Ein 0-0: Called Strike
0-1: SINGLE (Groundball, 6MD, EV 99.4 MPH)
Pitching: LHP Stephen Stady
Batting: SHB Yusuke Tanaka 0-0: Ball
1-0: Called Strike
1-1: Ball
2-1: Fly out, F7 (Flyball, 78M, EV 91.3 MPH)
Bottom of the 7th over - 0 runs, 1 hit, 0 errors, 1 left on base; St. Louis 2 - San Diego 0
TOP OF THE 8TH
St. Louis Cardinals batting - Pitching for San Diego Padres : LHP Chae-seong Yi
Pitching: LHP Brian Jordan
Now in CF: Cristián Burgos
Batting: RHB Leland Vogler 0-0: Ball
1-0: Called Strike
1-1: Ground out 5-3 (Groundball, 56S, EV 91.3 MPH)
Batting: SHB Emiliano Girometta 0-0: Ball
1-0: Foul Ball, location: 2F
1-1: Ground out 1-3 (Groundball, 15S, EV 63.8 MPH)
Batting: RHB Ric Hodges 0-0: Ball
1-0: Ball
2-0: Ball
3-0: Base on Balls
Batting: LHB Steve Rivera 0-0: Ball
1-0: Ball
2-0: Fly out, F9 (Flyball, 9S, EV 96.3 MPH)
Top of the 8th over - 0 runs, 0 hits, 0 errors, 1 left on base; St. Louis 2 - San Diego 0
BOTTOM OF THE 8TH
San Diego Padres batting - Pitching for St. Louis Cardinals : LHP Stephen Stady
Batting: LHB Wook-jin Ki 0-0: Foul Ball, location: 5SF
0-1: Ball
1-1: Fly out, F9 (Flyball, 89D, EV 85.0 MPH)
Batting: RHB Jorge Gonzáles 0-0: Ball
1-0: Ball
2-0: SOLO HOME RUN (Flyball, 9D, EV 98.1 MPH), Distance : 368 ft
Batting: LHB Raúl Valenzuela 0-0: Ball
1-0: Foul Ball, location: 7LSF
1-1: Swinging Strike
1-2: Ball
2-2: Ball
3-2: Strikes out looking
Batting: LHB Pedro Escobar 0-0: Swinging Strike
0-1: Foul Ball, location: 5DF
0-2: Fly out, F7 (Flyball, 78S, EV 87.5 MPH)
Bottom of the 8th over - 1 run, 1 hit, 0 errors, 0 left on base; St. Louis 2 - San Diego 1
TOP OF THE 9TH
St. Louis Cardinals batting - Pitching for San Diego Padres : LHP Brian Jordan
Pitching: RHP Tony Rivera
Batting: RHB José Betancourt 0-0: Called Strike
0-1: Swinging Strike
0-2: Ball
1-2: SINGLE (Line Drive, 8RS, EV 95.0 MPH)
Pinch Hitting: LHB Víctor Becerra 0-0: Foul Ball, location: 7LDF
0-1: Called Strike
0-2: Foul Ball, location: 25F
0-2: SINGLE (Line Drive, 78S, EV 100.0 MPH)
José Betancourt to second
Pinch Hitting: LHB Héctor Reyes 0-0: Ball
1-0: Ball
2-0: Foul Ball, location: 2F
2-1: Foul Ball, location: 7LSF
2-2: Strikes out looking
Batting: RHB Mike Eldridge 0-0: SINGLE (Groundball, 34D, EV 111.3 MPH)
José Betancourt to third
Víctor Becerra to second
Runner from 3rd tries for Home, SAFE, throw by RF to home
Batting: RHB Zg Odhiambo 0-0: Ball
Wild Pitch!
Víctor Becerra to third
Mike Eldridge to second
1-0: Swinging Strike
1-1: Called Strike
1-2: Ball
2-2: Ground out U3 (Groundball, 23, EV 83.1 MPH)
Batting: RHB Leland Vogler 0-0: Called Strike
0-1: Foul Ball, location: 2F
0-2: Ball
1-2: Ball
2-2: Foul Ball, location: 2F
2-2: 3-RUN HOME RUN (Flyball, 7D, EV 95.6 MPH), Distance : 362 ft
Pitching: LHP Huub Boersma
Batting: SHB Emiliano Girometta 0-0: Ball
1-0: Ball
2-0: Swinging Strike
2-1: Ball
3-1: Foul Ball, location: 2F
3-2: SOLO HOME RUN (Flyball, 7D, EV 97.5 MPH), Distance : 370 ft
Batting: RHB Ric Hodges 0-0: SINGLE (Groundball, 4MD, EV 99.4 MPH)
Batting: LHB Steve Rivera 0-0: Called Strike
0-1: Ball
1-1: Foul Ball, location: 5SF
1-2: Strikes out swinging
Top of the 9th over - 5 runs, 6 hits, 0 errors, 1 left on base; St. Louis 7 - San Diego 1
BOTTOM OF THE 9TH
San Diego Padres batting - Pitching for St. Louis Cardinals : LHP Stephen Stady
Now at C: Hua Tu
Now at 2B: Armando Torres
Batting: RHB Jonathan Roehl 0-0: Ball
1-0: Called Strike
1-1: Ball
2-1: Swinging Strike
2-2: Strikes out swinging
Batting: SHB Cristián Burgos 0-0: Ground out 6-3 (Groundball, 6, EV 87.5 MPH)
Batting: RHB Luis Acevedo 0-0: Called Strike
0-1: Ground out 6-3 (Groundball, 6, EV 110.0 MPH)
Bottom of the 9th over - 0 runs, 0 hits, 0 errors, 0 left on base; St. Louis 7 - San Diego 1
Saturday, February 10th , 2024 - OOTP Baseball 24.10 Build 82